 Dungeon Crawl Stone Soup version 0.31-a0-152-g6aa68a64a1 (webtiles) character file.

Game seed: 16817959351497875400

39 Moral the Covered (level 3, 0/29 HPs)
             Began as a Human Fighter on June 11, 2023.
             Slain by a gnoll
             ... wielding a +0 spear
              (4 damage)
             ... on level 2 of the Dungeon.
             The game lasted 00:02:31 (1005 turns).

Moral the Covered (Human Fighter)                   Turns: 1005, Time: 00:02:33

Health: 0/29       AC:  6    Str: 18    XL:     3   Next: 70%
Magic:  3/3        EV:  9    Int:  8    God:
Gold:   60         SH:  4    Dex: 12    Spells: 2/2 levels left

rFire   . . .        a - +0 long sword
rCold   . . .        c - +0 buckler
rNeg    . . .        b - +0 scale mail
rPois   .            (no helmet)
rElec   .            (no cloak)
rCorr   .            (no gloves)
SInv    .            (no boots)
Will    .....        (no amulet) Stlth
                     (no ring)
HPRegen 0.24/turn    (no ring)
MPRegen 0.08/turn

%: no passive effects
@: no status effects
A: no striking features
a: no special abilities


You were on level 2 of the Dungeon.
You visited 1 branch of the dungeon, and saw 2 of its levels.

You collected 60 gold pieces.

Inventory:

Hand Weapons
 a - a +0 long sword (weapon)
Armour
 b - a +0 scale mail (worn)
 c - a +0 buckler (worn)
Scrolls
 e - a scroll of immolation {unknown}
 f - a scroll of enchant weapon {unknown}
 g - a scroll of enchant armour {unknown}
 h - a scroll of amnesia {unknown}
 j - a scroll of brand weapon {unknown}
 l - a scroll of summoning {unknown}
Potions
 d - a potion of might
 i - a potion of brilliance {unknown}
 k - a potion of haste {unknown}


   Skills:
 + Level 3.3 Fighting
 + Level 2.6 Long Blades
 + Level 3.5 Armour
 + Level 0.2 Dodging
 + Level 3.2 Shields


You had 2 spell levels left.
You didn't know any spells.
Your spell library was empty.

Dungeon Overview and Level Annotations

Branches:
Dungeon (2/15)

Altars:

Shops:
D:1 =


Message History

You slash the endoplasm!
You kill the endoplasm!
A gnoll comes into view. It is wielding a +0 spear.
The gnoll shouts!
A kobold comes into view. It is wielding a +0 dagger.
The kobold shouts!
A gnoll comes into view. It is wielding a +0 flail.
The kobold moves out of view.
A gnoll comes into view. It is wielding a +0 club.
Found a stone staircase leading down.
The gnoll shouts! x2
You see here 16 gold pieces.
An adder comes into view.
The gnoll hits you from afar with a +0 spear.
The adder hisses angrily.
You hit the kobold.
You kill the kobold!
The gnoll hits you from afar with a +0 spear.
The gnoll completely misses you. You block the gnoll's attack.
You hit the gnoll but do no damage. The gnoll barely misses you.
The gnoll hits you but does no damage.
You slash the gnoll!
The gnoll is severely wounded.
You block the gnoll's attack. The gnoll misses you.
You block the gnoll's attack.
You closely miss the gnoll.
The gnoll hits you from afar with a +0 spear.
The gnoll barely misses you.
You hit the gnoll but do no damage.
The gnoll hits you from afar with a +0 spear!
The gnoll hits you with a +0 club.
You slash the gnoll!
The gnoll is heavily wounded.
The gnoll hits you but does no damage. The gnoll hits you with a +0 club.
* * * LOW HITPOINT WARNING * * *
The gnoll hits you with a +0 club.
* * * LOW HITPOINT WARNING * * *
The gnoll hits you from afar with a +0 spear.
You die...

##... #.... # ##... #..
####..#
.....######.....#
....Sgg@..#.....#
.....g##........######..
....> #.##............#
.... ##.##.......######
... ...##.............
.# .##.......#.####..
#....#.....#.# #
..####.......# #.#.
.#.###..###.###


You could see 3 gnolls and an adder.

Vanquished Creatures
  3 dart slugs (D:1)
  8 ball pythons
  3 endoplasms
  A goblin (D:2)
  3 hobgoblins
  4 jackals (D:2)
  3 kobolds
  A quokka (D:1)
  A bat (D:1)
  2 frilled lizards
  A rat (D:1)
30 creatures vanquished.

Notes
Turn   | Place    | Note
-------+----------+-------------------------------------------
     0 | D:1      | Moral the Human Fighter began the quest for the Orb.
     0 | D:1      | Reached XP level 1. HP: 18/18 MP: 1/1
    50 | D:1      | Found Vaykh's Jewellery Shoppe.
   123 | D:1      | Reached XP level 2. HP: 21/24 MP: 2/2
   532 | D:1      | Reached XP level 3. HP: 29/29 MP: 3/3
  1005 | D:2      | Slain by a gnoll

Illustrated notes

Levels and vault maps discovered:
D:1:      dpeg_arrival_simpleton_a, layout_loops_corners, serial_shops, shop,
          chequers_serial_rivers_small_b
D:2:      layout_rooms

Action                     || total
---------------------------++-------
  Melee: Long sword        ||    78
 Armour: Scale mail        ||    49
  Dodge: Dodged            ||    42
  Block: Buckler           ||    26

Table legend: (Time is in decaauts)
 A = Elapsed time spent in this place.
 B = Non-inter-level travel time spent in this place.
 C = Inter-level travel time spent in this place.
 D = Time resting spent in this place.
 E = Time spent auto-exploring this place.
 F = Levels seen in this place.
 G = Mean time per level.
                   A        B        C        D        E       F      G
               +--------+--------+--------+--------+--------+-----+--------+
         Total |   1031 |   1031 |      0 |     15 |    738 |   2 |  515.5 |
       Dungeon |   1031 |   1031 |      0 |     15 |    738 |   2 |  515.5 |
               +--------+--------+--------+--------+--------+-----+--------+

Top non-repeatable levels by time:
     D:1: 909 daAuts
     D:2: 121 daAuts
